 Dungeon Crawl Stone Soup version 0.28-a0-863-g8cecda6153 (webtiles) character file.

Game seed: 6578378500931402060

9 ytrimaz the Skirmisher (level 2, 24/24 HPs)
             Began as a Demonspawn Abyssal Knight on Nov 17, 2021.
             Was a Follower of Lugonu.
             Quit the game on level 1 of the Dungeon.
             The game lasted 00:00:44 (442 turns).

ytrimaz the Skirmisher (Demonspawn Abyssal Knight)   Turns: 442, Time: 00:00:44

Health: 24/24      AC:  3    Str: 13    XL:     2   Next: 3%
Magic:  3/3        EV: 11    Int: 11    God:    Lugonu [*.....]
Gold:   4          SH:  0    Dex: 13    Spells: 1/1 levels left

rFire   . . .      SeeInvis .   a - +1 falchion
rCold   + . .      Faith    .   (no shield)
rNeg    . . .      Spirit   .   d - +0 leather armour {rC+}
rPois   .          Reflect  .   (no helmet)
rElec   .          Harm     .   (no cloak)
rCorr   .          Rampage  .   (no gloves)
Will    .....                   (no boots)
Stlth   +.........              (no amulet)
HPRegen 0.08/turn               (no ring)
MPRegen 0.08/turn               (no ring)

@: no status effects
A: demonic magic 1
a: Renounce Religion, Depart the Abyss


You were on level 1 of the Dungeon.
You worshipped Lugonu.
Lugonu was aware of your devotion.
You visited 1 branch of the dungeon, and saw 1 of its levels.
You visited the Abyss 1 time.

You collected 4 gold pieces.

Inventory:

Hand Weapons
 a - a +1 falchion (weapon)
Armour
 d - a +0 leather armour of cold resistance (worn)
Scrolls
 b - a scroll of summoning
Potions
 c - a potion of mutation {unknown}


   Skills:
 + Level 3.3 Fighting
 + Level 1.9 Long Blades
 + Level 1.8 Armour
 + Level 0.9 Dodging
 + Level 2.6 Invocations


You had one spell level left.
You didn't know any spells.
Your spell library was empty.

Dungeon Overview and Level Annotations

Branches:
Dungeon (1/15)

Altars:


Innate Abilities, Weirdness & Mutations

Spells you cast may paralyse adjacent enemies.


Message History

You kill the goblin!
Lugonu accepts your kill.
You hit the goblin.
The goblin is moderately wounded.
The goblin misses you.
Unknown command.
You hit the goblin.
The goblin is severely wounded.
The goblin hits you but does no damage.
You hit the goblin.
You kill the goblin!
Lugonu accepts your kill.
Items here: )) ††.
You start resting.
You see here a frilled lizard corpse.
You start resting.
HP restored.
Found 19 arrows.
Found a fuming green potion.
A bat comes into view.
The bat moves out of view.
b - a scroll of summoning You barely miss the bat.
The bat misses you.
There are no items here.
You closely miss the bat. The bat closely misses you.
The bat barely misses you.
You hit the bat.
You kill the bat!
Lugonu accepts your kill.
You have reached level 2!
Your demonic ancestry asserts itself...
A menacing aura infuses your magic.
c - a fuming green potion A hobgoblin comes into view.
The hobgoblin shouts!
A hobgoblin is nearby!
Unknown command.
A hobgoblin is nearby!
A hobgoblin is nearby!
Are you sure you want to abandon this character and quit the game? (Confirm with "yes".)

...........#
...........#
...........#######
...#.#.#.#.#.#...#
(......†.......#.#
...#.#.#.#.#.###.#
#.#...........##.#
#.##.#.#.#.#.###.#
#.#...........##@#
#.##.#.#.#.#.###.#
#.#...........##.#
#..#.#.#.#.#.###..
#........(....##..
#.##.#.#.#.#.###.$#
#.#....>....[.##g..
#.##.#.#.#.#.###...
#.#..÷........


You could see a hobgoblin.

Vanquished Creatures
  2 goblins (D:1)
  A hobgoblin (D:1)
  A ball python (D:1)
  3 bats (D:1)
  A frilled lizard (D:1)
8 creatures vanquished.

Vanquished Creatures (others)
  2 starspawn tentacles (Abyss:1)
2 creatures vanquished.

Grand Total: 10 creatures vanquished

Notes
Turn   | Place    | Note
-------+----------+-------------------------------------------
     0 | Abyss:1  | ytrimaz the Demonspawn Abyssal Knight began the quest for
                  | the Orb.
     0 | Abyss:1  | Reached XP level 1. HP: 18/18 MP: 2/2
    76 | Abyss:1  | Noticed a tentacled starspawn
    93 | D:1      | Escaped the Abyss
   147 | D:1      | Noticed an electric eel
   211 | D:1      | Reached * piety under Lugonu
   429 | D:1      | Gained mutation: Spells you cast may paralyse adjacent
                  | enemies. [demonic ancestry]
   429 | D:1      | Reached XP level 2. HP: 24/24 MP: 3/3
   442 | D:1      | Quit the game

Illustrated notes

Levels and vault maps discovered:
D:1:      arrival_aquarium_a, layout_basic,
          shapermc_ecumenical_altar_starsandcircs,
          chequers_serial_rivers_micro_e, minivault_25, minmay_misc_feat_chi,
          st_stairs_11, grunt_decor_one_mirror

Action                   || total
-------------------------++-------
Melee: Falchion          ||    18
Invok: Depart the Abyss  ||     1
  Use: Scroll            ||     1
Armor: Leather armour    ||    12
Dodge: Dodged            ||    25

Table legend: (Time is in decaauts)
 A = Elapsed time spent in this place.
 B = Non-inter-level travel time spent in this place.
 C = Inter-level travel time spent in this place.
 D = Time resting spent in this place.
 E = Time spent auto-exploring this place.
 F = Levels seen in this place.
 G = Mean time per level.
                   A        B        C        D        E       F      G
               +--------+--------+--------+--------+--------+-----+--------+
         Total |    445 |    445 |      0 |    231 |    114 |   2 |  222.5 |
       Dungeon |    352 |    352 |      0 |    231 |     45 |   1 |  352.0 |
         Abyss |     93 |     93 |      0 |      0 |     69 |   1 |   93.0 |
               +--------+--------+--------+--------+--------+-----+--------+

Top non-repeatable levels by time:
     D:1: 352 daAuts
 Abyss:1: 93 daAuts
